AoeStats
← Comend x comend

Black Forest

507161905Analyzed
4v4 RM · 14d ago on Sep 16, 2026· 37m 35s· 8 players
Game mode
Random Map
Map size
Large (8 player)
Population
200
Speed
Normal
Resources
Standard
Victory
Conquest
Starting age
Dark Age
Ending age
Imperial Age
RankedLock teamsTeams togetherTeam positionsShared explorationLock speedFull tech treeHidden civsTurbo modeCheats
Victory
Defeat
🇧🇷 Poles · Brazil
1364
+14
🇵🇪 Turks · Peru
1358
+15
🇨🇳 Vietnamese · China
1342
+15
🇦🇷 Koreans · Argentina
1278
+18
🇧🇷 Persians · Brazil
1341
-16
🇷🇺 Cumans · Russia
1331
-16
🇺🇸 Ethiopians · United States
1321
-15
🇺🇸 Spanish · United States
1314
-15
mR_GrincH_
3:53 Loom
11:16 Feudal Age
12:04 Double-Bit Axe
14:44 Fletching
14:55 Padded Archer Armor
16:26 Wheelbarrow
16:57 Town Watch
23:01 Castle Age
21:01 Stone Mining
22:25 Gold Mining
23:56 Bow Saw
25:39 Hand Cart
26:04 Leather Archer Armor
26:21 Pikeman
27:03 Scale Mail Armor
33:03 Bodkin Arrow
38:06 Imperial Age
35:58 Forging
36:45 Chain Mail Armor
37:44 Iron Casting
JokaDaJesta
0:32 Loom
12:52 Feudal Age
13:59 Double-Bit Axe
17:25 Castle Age
16:28 Horse Collar
18:33 Bow Saw
21:46 Wheelbarrow
23:13 Hand Cart
24:22 Gold Mining
24:29 Town Watch
25:58 Scale Barding Armor
27:35 Husbandry
28:13 Forging
impossible
11:04 Feudal Age
13:13 Wheelbarrow
18:12 Double-Bit Axe
21:47 Castle Age
19:37 Loom
21:07 Horse Collar
21:21 Gold Mining
21:21 Stone Mining
23:13 Bow Saw
23:09 Heavy Plow
24:15 Gold Shaft Mining
25:18 Bloodlines
25:59 Forging
29:25 Iron Casting
32:26 Scale Barding Armor
grinchekill
7:21 Loom
11:12 Feudal Age
12:17 Double-Bit Axe
15:31 Castle Age
15:12 Gold Mining
15:25 Horse Collar
16:22 Bow Saw
26:11 Wheelbarrow
25:43 Heavy Plow
26:23 Stone Mining
27:59 Hand Cart
29:26 Forging
29:22 Scale Barding Armor
31:41 Stone Shaft Mining
31:42 Gold Shaft Mining
32:15 Bloodlines
34:38 Imperial Age
32:33 Husbandry
32:54 Chain Barding Armor
32:34 Town Watch
33:04 Masonry
32:50 Murder Holes
34:39 Iron Casting
34:17 Heavy Camel Rider
35:33 Plate Barding Armor
36:21 Blast Furnace
36:01 Conscription
37:15 Chemistry
37:31 Two-Man Saw
37:11 Crop Rotation
36:24 Cavalier
Comend x comend
0:35 Loom
13:17 Feudal Age
17:30 Castle Age
18:53 Horse Collar
22:10 Imperial Age
Weafol
2:17 Loom
10:31 Feudal Age
12:44 Fletching
14:23 Wheelbarrow
17:42 Town Watch
26:07 Castle Age
27:59 Stone Mining
31:28 Stone Shaft Mining
33:09 Ballistics
36:53 Imperial Age
34:33 Eupseong
34:38 Murder Holes
35:13 Gold Mining
35:07 Treadmill Crane
35:38 Masonry
36:48 Hand Cart
Karzul
10:56 Feudal Age
14:43 Castle Age
12:41 Horse Collar
13:21 Double-Bit Axe
15:53 Bow Saw
15:58 Heavy Plow
19:15 Wheelbarrow
22:21 Bloodlines
22:30 Scale Barding Armor
22:36 Forging
24:16 Chain Barding Armor
24:27 Hand Cart
23:58 Loom
31:03 Imperial Age
29:39 Iron Casting
29:20 Light Cavalry
30:03 Husbandry
31:41 Szlachta Privileges
31:13 Cavalier
31:15 Winged Hussar
32:56 Blast Furnace
32:19 Conscription
32:22 Masonry
32:37 Lechitic Legacy
34:58 Chemistry
36:29 Lechitic Legacy
Faith
7:15 Loom
10:56 Feudal Age
14:39 Castle Age
12:58 Double-Bit Axe
14:04 Horse Collar
22:59 Bow Saw
23:38 Wheelbarrow
29:05 Imperial Age
27:15 Hand Cart
27:04 Town Watch
27:22 Heavy Plow
27:43 Scale Barding Armor
27:48 Forging
27:42 Gold Mining
28:30 Bloodlines
28:21 Husbandry
29:46 Chain Barding Armor
30:13 Elite Battle Elephant
32:22 Plate Barding Armor
34:01 Paper Money
35:41 Iron Casting
Connection lost

Rejoining the realm…

Still unreachable

The connection could not be restored.

Session expired

The server has moved on; the page needs a fresh start.